 Dungeon Crawl Stone Soup version 0.32-a0-33-g74fbe469d6 (webtiles) character file.

Game seed: 16210772061793201416

249 Hellonello the Changeling (level 6, -2/35 HPs)
             Began as an Octopode Shapeshifter on Jan 20, 2024.
             Slain by Jessica
             ... wielding a +0 dagger
              (6 damage)
             ... on level 3 of the Dungeon.
             The game lasted 00:06:01 (2594 turns).

Hellonello the Changeling (Octopode Shapeshifter)   Turns: 2594, Time: 00:06:02

Health: -2/35      AC:  1    Str: 13    XL:     6   Next: 12%
Magic:  6/6        EV: 17    Int: 13    God:
Gold:   140        SH:  0    Dex: 13    Spells: 5/5 levels left

rFire   . .          .
                       - Unarmed
rCold   . . .        (shield currently unavailable)
rNeg    . . .        (helmet restricted)
rPois   .            (no amulet)
rElec   .            (no ring)
rCorr   .            (no ring)
SInv    .            (no ring)
Will    .....        (no ring)
Stlth   +            (no ring)
HPRegen 0.25/turn    (no ring)
MPRegen 0.10/turn    (no ring)
                     (no ring)

%: no passive effects
@: flux-form, glowing
A: glow, contaminating, reduced hp, almost no armour, amphibious, 8 rings,
camouflage 1, gelatinous body 1, (nimble swimmer 1), tentacles
a: Begin Untransformation


You were on level 3 of the Dungeon.
You were something dangerously unstable.
You visited 1 branch of the dungeon, and saw 3 of its levels.

You collected 140 gold pieces.

Inventory:

Talismans
 b - a beast talisman
 c - a flux talisman (active)
Scrolls
 a - 2 scrolls of identify
 e - 2 scrolls of fog
 f - a scroll of torment {unknown}
Potions
 d - 2 potions of might
 n - a potion of attraction {unknown}


   Skills:
 - Level 1.0 Fighting
 - Level 2.0 Dodging
 - Level 3.0 Unarmed Combat
 + Level 6.2 Shapeshifting


You had 5 spell levels left.
You didn't know any spells.
Your spell library contained the following spells:

 Spells                   Type           Power      Damage    Failure   Level
 Kiss of Death            Conj/Necr      0%         2d5       30%         1
 Sublimation of Blood     Necr           0%         N/A       43%         2
 Confusing Touch          Hex            0%         N/A       67%         3
 Fugue of the Fallen      Necr           0%         N/A       67%         3
 Ozocubu's Armour         Ice            0%         N/A       67%         3
 Dispel Undead            Necr           0%         3d6       97%         4
 Manifold Assault         Tloc           0%         N/A       97%         4
 Petrify                  Alch/Erth      0%         N/A       97%         4
 Irradiate                Conj/Alch      0%         3d11      100%        5


Dungeon Overview and Level Annotations

Branches:
Dungeon (3/15)

Altars:

Shops:
D:2 [

Annotations:
D:3 Jessica


Innate Abilities, Weirdness & Mutations

You are something dangerously unstable.
You glow with magical radiation, making you easy to see and hit.
Foes you strike become dangerously contaminated with magical radiation.
Your maximum health is decreased, since you lack skill for your form.
You are incapable of wielding weapons or throwing items.
You cannot wear most types of armour.
You are amphibious.
You can wear up to eight rings at the same time.
Your skin changes colour to match your surroundings (Stealth+).
Your rubbery body absorbs attacks. (AC +1, EV +1)
((You are camouflaged when in or above water. (Stealth+)))
You have tentacles for arms and can constrict up to eight enemies at once.


Message History

An orc priest comes into view. It is wielding a +0 club.
Jessica the Apprentice Sorceress comes into view.
She is wielding a +0 dagger.
Found a cloak.
The orc priest barely misses you.
Items here: )) [ †.
You closely miss the orc priest. You grab the orc priest.
You constrict the orc priest. The orc priest completely misses you.
You tentacle-slap the orc priest.
The orc priest begins to glow.
The orc priest is lightly wounded.
You constrict the orc priest. The orc priest misses you.
You tentacle-slap the orc priest but do no damage.
The orc priest glows dangerously bright.
You squeeze the orc priest!
The orc priest is severely wounded.
You constrict the orc priest. The orc priest closely misses you.
You tentacle-slap the orc priest.
The orc priest shudders as magic cascades through it!
You kill the orc priest!
Jessica casts a spell at you. Pain shoots through your body!
* * * LOW HITPOINT WARNING * * *
You have reached level 6!
Jessica casts a spell.
Jessica seems to speed up.
Things that are here:
a +0 club; an orc corpse You closely miss Jessica.
Your grab misses Jessica. Jessica barely misses you.
Jessica mumbles some strange words.
Jessica blinks!
Jessica mumbles something strange.
Items here: )) [ †.
You start resting.
Jessica is nearby!
Jessica points at you and mumbles some strange words.
Pain shoots through your body!
* * * LOW HITPOINT WARNING * * *
Jessica completely misses you.
You tentacle-slap Jessica but do no damage.
Jessica begins to glow.
You grab Jessica. You constrict Jessica. Jessica hits you with a +0 dagger.
You die...

######## #########
#......# #.)§..@.#
#.####.## #)#####.#
#.###...######@####
#..##..........p..#
##.##...######.##.#
#.###### #......
#.# ####.### #.#
####### .# #.#
#.....# .# ###.###
#.....# #. #.....#
#.....# #
#.###.###.....#


You could see Jessica (fast, contam).

Vanquished Creatures
  2 orc priests
  Terence (D:3)
  Natasha (D:3)
  Robin (D:2)
  3 gnolls (D:3)
  An adder (D:3)
  3 dart slugs
  9 orcs
  4 ball pythons (D:1)
  3 endoplasms (D:1)
  9 goblins
  11 hobgoblins
  6 kobolds
  3 quokkas (D:1)
  9 bats
  6 frilled lizards
  6 rats
78 creatures vanquished.

Notes
Turn   | Place    | Note
-------+----------+-------------------------------------------
     0 | D:1      | Hellonello the Octopode Shapeshifter began the quest for
                  | the Orb.
     0 | D:1      | Reached XP level 1. HP: 13/13 MP: 1/1
   134 | D:1      | Reached XP level 2. HP: 4/18 MP: 2/2
   572 | D:1      | Reached XP level 3. HP: 16/23 MP: 3/3
   657 | D:1      | Reached skill level 4 in Shapeshifting
   665 | D:1      | Found a faded altar of an unknown god.
   951 | D:2      | Found Toeqif's Armour Shoppe.
  1669 | D:3      | Noticed Robin
  1740 | D:2      | Reached XP level 4. HP: 21/28 MP: 4/4
  1752 | D:2      | Killed Robin
  1832 | D:3      | Noticed Terence
  1842 | D:3      | Killed Terence
  1843 | D:3      | Reached skill level 5 in Shapeshifting
  1843 | D:3      | Reached XP level 5. HP: 33/33 MP: 5/5
  2447 | D:3      | Noticed Natasha
  2455 | D:3      | Killed Natasha
  2456 | D:3      | Reached skill level 6 in Shapeshifting
  2581 | D:3      | Noticed Jessica
  2586 | D:3      | Reached XP level 6. HP: 10/38 MP: 6/6
  2594 | D:3      | Slain by Jessica

Illustrated notes

Levels and vault maps discovered:
D:1:      lemuel_arrival_muddy, layout_basic,
          hellmonk_ecumenical_altar_prayer_group, grunt_decor_junction
D:2:      layout_loops_corners, serial_shops, shop, minmay_tromino_v4_c
D:3:      layout_loops_cross, gammafunk_ghost_nasty_kobolds, uniq_terence,
          uniq_jessica, uniq_robin, uniq_natasha

Skill      XL: |  1  2  3  4  5 |
---------------+----------------+-----
Shapeshifting  | 4 5 6 |  6.2
Fighting       | |  1.0
Dodging        | |  2.0
Unarmed Combat | |  3.0

Action                     |  1- 3 |  4- 6 || total
---------------------------+-------+-------++-------
  Melee: Unarmed           |    93 |    75 ||   168
         Tentacles         |    31 |    12 ||    43
         Constrict         |    37 |    20 ||    57
         Punch             |       |     2 ||     2
    Use: Scroll            |     5 |       ||     5
         Potion            |       |     6 ||     6
   Stab: Sleeping          |     1 |       ||     1
         Invisible         |       |     4 ||     4
 Armour: Skin              |    29 |    43 ||    72
  Dodge: Dodged            |    61 |    56 ||   117
   Form: Flux              |     1 |       ||     1

Table legend: (Time is in decaauts)
 A = Elapsed time spent in this place.
 B = Non-inter-level travel time spent in this place.
 C = Inter-level travel time spent in this place.
 D = Time resting spent in this place.
 E = Time spent auto-exploring this place.
 F = Levels seen in this place.
 G = Mean time per level.
                   A        B        C        D        E       F      G
               +--------+--------+--------+--------+--------+-----+--------+
         Total |   2595 |   2515 |     80 |    372 |   1600 |   3 |  865.0 |
       Dungeon |   2595 |   2515 |     80 |    372 |   1600 |   3 |  865.0 |
               +--------+--------+--------+--------+--------+-----+--------+

Top non-repeatable levels by time:
     D:2: 1210 daAuts
     D:1: 767 daAuts
     D:3: 618 daAuts
